 Dungeon Crawl Stone Soup version 0.19.3-1-g3169bf9 (webtiles) character file.

332 Gargoyl the Skirmisher (level 6, -3/51 (52) HPs)
             Began as a Ghoul Abyssal Knight on Jan 25, 2017.
             Was a Believer of Lugonu.
             Slain by an orc warrior
             ... wielding a +0 trident
              (10 damage)
             ... on level 1 of the Dungeon.
             The game lasted 00:07:47 (2962 turns).

Gargoyl the Skirmisher (Ghoul Abyssal Knight)       Turns: 2962, Time: 00:07:47

HP:   -3/51 (52)    AC: 11    Str: 16    XL:     6   Next: 52%
MP:   7/7           EV:  7    Int: 12    God:    Lugonu [**....]
Gold: 122           SH:  3    Dex: 13    Spells: 0 memorised, 5 levels left

rFire  . . .     SeeInvis .     e - +0 war axe
rCold  + . .     Gourm    .     o - +0 chain mail
rNeg   + + +     Faith    .     (no shield)
rPois  ∞         Spirit   .     (no helmet)
rElec  .         Reflect  +     h - +1 cloak
rCorr  .         Harm     .     (no gloves)
MR     .....                    (no boots)
Stlth  ..........               i - +3 amulet of reflection
                                (no ring)
                                t - +3 ring of dexterity

@: brilliant, rotting
A: rotting body, claws 1, carnivore 3, cold resistance 1, negative energy
resistance 3, slow regeneration 1, torment resistance, unbreathing
a: Depart the Abyss, Bend Space, Renounce Religion


You were on level 1 of the Dungeon.
You worshipped Lugonu.
Lugonu was pleased with you.
You were not hungry.

You visited 1 branch of the dungeon, and saw 3 of its levels.
You visited the Abyss 1 time.

You collected 122 gold pieces.

Inventory:

Hand Weapons
 a - a +1 hand axe
 e - a +0 war axe (weapon)
 m - a +0 trident
Armour
 h - a +1 cloak (worn)
 o - a +0 chain mail (worn)
Jewellery
 i - a +3 amulet of reflection (around neck)
 t - a +3 ring of dexterity (left claw)
Wands
 d - a wand of confusion (24/48)
 f - a wand of flame (24/48)
Scrolls
 g - 3 scrolls of identify
 r - a scroll of blinking
 s - a scroll of remove curse
Potions
 b - a potion of curing {unknown}
 n - a potion of lignification {unknown}
 q - a potion of haste {unknown}
Comestibles
 c - 2 meat rations


   Skills:
 + Level 4.0 Fighting
 + Level 3.4 Axes
 + Level 0.3(2.1) Polearms
 * Level 4.0 Armour
 + Level 1.3 Dodging
 * Level 3.3 Invocations


You had 5 spell levels left.
You didn't know any spells.

Dungeon Overview and Level Annotations

Branches:
Dungeon (3/15)

Altars:
Ashenzari
Kikubaaqudgha


Innate Abilities, Weirdness & Mutations

Your body is rotting away.
You thrive on raw meat.
You are immune to poison.
You have sharp fingernails.
You are carnivorous and can eat meat at any time.
Your flesh is cold resistant. (rC+)
You are immune to negative energy. (rN+++)
You regenerate slowly when monsters are visible.
You are immune to unholy pain and torment.
You can survive without breathing.


Message History

You feel your flesh rotting away.
You start resting.
HP restored.
You climb downwards.
The orc warrior hits you with a trident! x2
There is a stone staircase leading up here.
You climb upwards.
There is a stone staircase leading down here.
You hit the orc warrior.
The orc warrior is lightly wounded.
The orc warrior hits you with a trident! x2
* * * LOW HITPOINT WARNING * * *
You closely miss the orc warrior.
The orc warrior is lightly wounded.
The orc warrior hits you with a trident.
* * * LOW HITPOINT WARNING * * *
It was a potion of brilliance.
You feel clever all of a sudden.
The orc warrior hits you with a trident!
You die...

##.#.########.####.###.######.#
##..# #......# #.# #.# #..###
######.###.# #.# #.÷..#
#########.....######.## #..#.#
#........##..###.......
#..#.###.######.##♣..P♣..##.##
#..#.##...#####..P...≈..P...#
#..#.#.#.#.##...♣♣.≈≈♣≈≈≈.P.#
#............@#...♣≈≈≈≈♣≈...##
####.#.#.#.#..oP..≈≈≈≈♣♣P..P..
#.##.(.##.#♣.(.♣≈♣....P....
#.###.###.#.....≈.♣..P..... #.#
#.#.......♣..P..P..##.# #.#
#...###..#.#.###....... #.#
###.# #...............# #.#
#.###.##########.####
#.#####.....# #.#


You could see an orc warrior.

Vanquished Creatures
  A howler monkey (D:3)
  Crazy Yiuf (D:2)
  2 orc priests (D:3)
  2 orc wizards (D:3)
  7 adders
  An ooze (D:1)
  2 dart slugs (D:1)
  2 leopard geckos
  7 orcs (D:3)
  15 bats
  3 giant cockroaches
  6 goblins
  6 hobgoblins
  2 jackals (D:3)
  4 kobolds
  7 frilled lizards
  8 rats
  3 fungi (D:2)
79 creatures vanquished.

Notes
Turn   | Place    | Note
-------+----------+-------------------------------------------
     0 | Abyss:1  | Gargoyl the Ghoul Abyssal Knight began the quest for the Orb.
     0 | Abyss:1  | Reached XP level 1. HP: 19/19 MP: 1/1
    45 | Abyss:2  | Noticed a small abomination
    69 | D:1      | Escaped the Abyss
   216 | D:1      | Reached XP level 2. HP: 26/26 MP: 2/2
   273 | D:1      | Reached * piety under Lugonu
   343 | D:1      | Reached XP level 3. HP: 33/33 MP: 3/3
   456 | D:1      | Reached skill level 1 in Dodging
   496 | D:1      | Found a shattered altar of Ashenzari.
  1111 | D:2      | Reached XP level 4. HP: 26/40 MP: 4/4
  1340 | D:2      | Reached ** piety under Lugonu
  1498 | D:2      | Found a runed door.
  1502 | D:2      | Noticed Crazy Yiuf
  1514 | D:2      | Killed Crazy Yiuf
  1777 | D:2      | Reached XP level 5. HP: 45/45 MP: 6/6
  1997 | D:3      | Found an ancient bone altar of Kikubaaqudgha.
  2116 | D:3      | Reached XP level 6. HP: 49/52 MP: 7/7
  2199 | D:3      | Found a faded altar of an unknown god.
  2642 | D:3      | Noticed an orc warrior
  2962 | D:1      | Slain by an orc warrior

Skill      XL: |  1  2  3  4  5  6 |
---------------+-------------------+-----
Axes           | 2 3 |  3.4
Armour         | 2 3 4 |  4.0
Dodging        | 1 |  1.3
Invocations    | 3 |  3.3
Fighting       | 4 |  4.0
Polearms       | |  0.3

Action                   |  1- 3 |  4- 6 || total
-------------------------+-------+-------++-------
Melee: War axe           |   110 |   241 ||   351
       Trident           |     1 |       ||     1
Invok: Depart the Abyss  |     1 |       ||     1
       Bend Space        |       |     1 ||     1
  Use: Scroll            |     1 |     7 ||     8
       Potion            |       |     5 ||     5
  Eat: Chunk             |     9 |    33 ||    42
Armor: Scale mail        |    66 |       ||    66
       Ring mail         |     1 |       ||     1
       Chain mail        |    11 |   182 ||   193
Dodge: Dodged            |    85 |    87 ||   172
Block: Other             |    20 |    45 ||    65
